AoeStats
← pit

Arabia

509767725Analyzed
1v1 RM · 5d ago on Sep 27, 2026· 35m 7s· 2 players
Game mode
Random Map
Map size
Tiny (2 player)
Population
200
Speed
Normal
Resources
Standard
Victory
Conquest
Starting age
Dark Age
Ending age
Imperial Age
RankedLock teamsTeams togetherTeam positionsShared explorationLock speedFull tech treeHidden civsTurbo modeCheats
Victory
Defeat
🇺🇸 Mongols · United States
1125
+17
🇨🇦 Mongols · Canada
1138
-17
LE Lamechara
10:33 Loom
14:33 Feudal Age
18:40 Castle Age
19:26 Man-at-Arms
21:13 Wheelbarrow
25:17 Fletching
32:26 Bodkin Arrow
pit
5:49 Loom
7:49 Feudal Age
6:10 Loom
14:36 Loom
32:50 Double-Bit Axe
Connection lost

Rejoining the realm…

Still unreachable

The connection could not be restored.

Session expired

The server has moved on; the page needs a fresh start.